 Dungeon Crawl Stone Soup version 0.29.1-4-g47bece8355 (webtiles) character file.

Game seed: 15832271029294220400

350 ChadusMaximus the Caller (level 6, -2/32 HPs)
             Began as a Deep Elf Summoner on Dec 4, 2022.
             Shot with an arrow by a centaur (7 damage)
             ... on level 5 of the Dungeon.
             The game lasted 00:07:53 (5885 turns).

ChadusMaximus the Caller (Deep Elf Summoner)        Turns: 5885, Time: 00:07:55

Health: -2/32      AC:  5    Str:  5    XL:     6   Next: 33%
Magic:  16/16      EV: 11    Int: 22    God:
Gold:   292        SH:  0    Dex: 15    Spells: 10/16 levels left

rFire   + . .      SeeInvis .   A - +0 halberd
rCold   . . .      Faith    .   (shield currently unavailable)
rNeg    . . .      Spirit   .   n - +2 leather armour {rF+}
rPois   .          Reflect  .   (no helmet)
rElec   .          Harm     .   (no cloak)
rCorr   .          Rampage  .   (no gloves)
Will    .....                   (no boots)
Stlth   ++........              (no amulet)
HPRegen 0.10/turn               (no ring)
MPRegen 0.15/turn               (no ring)

@: no status effects
A: no striking features
a: no special abilities


You were on level 5 of the Dungeon.
You visited 1 branch of the dungeon, and saw 5 of its levels.

You collected 292 gold pieces.

Inventory:

Hand Weapons
 d - a +1 short sword of holy wrath
 t - a +0 spear
 A - a +0 halberd (weapon)
Missiles
 c - a throwing net (quivered)
Armour
 a - a +0 robe
 n - a +2 leather armour of fire resistance (worn)
 x - a +0 kite shield
Magical Staves
 j - a staff of earth
Wands
 z - a wand of roots (20)
Scrolls
 e - 4 scrolls of teleportation {unknown}
 f - 2 scrolls of blinking {unknown}
 g - a scroll of fear {unknown}
 i - 3 scrolls of identify {unknown}
 k - a scroll of enchant armour {unknown}
 o - a scroll of poison {unknown}
 r - a scroll of summoning {unknown}
 u - a scroll of silence {unknown}
 y - a scroll of vulnerability {unknown}
Potions
 b - 2 potions of magic
 h - 2 potions of attraction {unknown}
 l - 3 potions of flight {unknown}
 m - a potion of might {unknown}
 p - 2 potions of heal wounds {unknown}
 q - 2 potions of invisibility {unknown}
 s - a potion of curing {unknown}
 v - a potion of haste {unknown}
 w - a potion of cancellation {unknown}


   Skills:
 - Level 2.4 Dodging
 - Level 2.4 Stealth
 + Level 5.6 Spellcasting
 * Level 7.4 Summonings


You had 10 spell levels left.
You knew the following spells:

 Your Spells              Type           Power      Damage    Failure   Level
a - Summon Small Mammal   Summ           100%       N/A       1%          1
b - Call Canine Familiar  Summ           38%        N/A       2%          3
c - Call Imp              Summ           38%        N/A       1%          2

Your spell library contained the following spells:

 Spells                   Type           Power      Damage    Failure   Level
 Summon Guardian Golem    Hex/Summ       22%        N/A       11%         3
 Summon Lightning Spire   Summ/Air       22%        N/A       34%         4


Dungeon Overview and Level Annotations

Branches:
Dungeon (5/15)
 Temple: D:4-7

Altars:
Dithmenos
Hepliaklqana
Okawaru

Annotations:
D:5 Menkaure


Message History

You swap places.
You swap places.
You swap places.
Items here: ))) ††.
You see here a +0 halberd.
A - a +0 halberd You swap places.
Items here: ))) ††.
Okay, then.
A - a +0 halberd (weapon)
Your rat disappears in a puff of smoke!
Your quokka disappears in a puff of smoke!
Magic restored.
You swap places.
Your crimson imp blinks!
You now have 292 gold pieces (gained 12).
Found a robe.
You see here a +0 robe.
You open the door.
There is an open door here. 2 centaurs come into view.
Found a manual of Dodging.
The centaur shouts! x2
The centaur wields a +0 shortbow.
The centaur shoots an arrow.
The arrow barely misses you.
The centaur moves out of view.
The centaur shoots an arrow.
The arrow hits you.
The centaur wields a +0 shortbow.
The centaur shoots an arrow.
The arrow closely misses you.
The centaur shoots an arrow.
The arrow hits you.
You swap places.
The centaur shoots an arrow.
The arrow hits you!
The centaur unwields a +0 shortbow.
The centaur hits your wolf. The centaur misses your wolf.
Your wolf barely misses the centaur.
The centaur shoots an arrow.
The arrow hits you!
* * * LOW HITPOINT WARNING * * *
You swap places.
The centaur wields a +0 shortbow.
The centaur shoots an arrow.
The arrow hits your wolf.
Your wolf bites the centaur!
Something misses your wolf. Something barely misses your wolf.
The centaur shoots an arrow.
The arrow barely misses your wolf.
The arrow closely misses your crimson imp.
The arrow hits you!
You die...

#.#.##.#. #.#....#. ..
#5#####.. ... #5# ###.#
..##### #####.# #...#
......#####.....##..##.
##.##.....'...[.##.##..
#...##..###.....##.#...
.#.##c.#@.# #.....##
#..P ....:ch5..#
########...♣.
.#..##.#..# .....♣♣
..##..# # ####. . #.#
..... #. ##.. ...
...##.##.### ### ###
###.. ......_
###.....b. .......


You could see a centaur (ally target), a friendly wolf (summoned) and a friendly
crimson imp (summoned).

Vanquished Creatures
  2 adders (D:2)
  A worm (D:3)
  2 dart slugs
  5 bats
  A giant cockroach (D:3)
  6 goblins
  5 hobgoblins
  A quokka (D:1)
  3 ball pythons
  A kobold (D:1)
  A rat (D:1)
28 creatures vanquished.

Vanquished Creatures (collateral kills)
  A sky beast (D:4)
  A nameless horror (D:4)
  An orc priest (D:4)
  An iguana (D:4)
  An orc wizard (D:4)
  2 adders
  4 gnolls (D:5)
  2 dart slugs (D:1)
  8 orcs
  5 endoplasms
  2 giant cockroaches (D:1)
  7 goblins
  6 hobgoblins
  3 kobolds
  4 quokkas
  3 ball pythons
  A rat (D:1)
52 creatures vanquished.

Vanquished Creatures (others)
  6 plants (D:2)
  9 withered plants (D:2)
15 creatures vanquished.

Grand Total: 95 creatures vanquished

Notes
Turn   | Place    | Note
-------+----------+-------------------------------------------
     0 | D:1      | ChadusMaximus the Deep Elf Summoner began the quest for the
                  | Orb.
     0 | D:1      | Reached XP level 1. HP: 10/10 MP: 6/6
   431 | D:1      | Reached XP level 2. HP: 15/15 MP: 5/8
   888 | D:1      | Reached skill level 5 in Summonings
  1691 | D:2      | Reached XP level 3. HP: 12/19 MP: 7/10
  1695 | D:2      | Learned a level 3 spell: Call Canine Familiar
  2790 | D:2      | Reached XP level 4. HP: 24/24 MP: 7/12
  2912 | D:2      | Found a faded altar of an unknown god.
  4054 | D:3      | Noticed a shadow
  4055 | D:3      | Found a shadowy altar of Dithmenos.
  4056 | D:3      | Found a hazy altar of Hepliaklqana.
  4176 | D:3      | Reached skill level 6 in Summonings
  4381 | D:4      | Noticed a nameless horror
  4524 | D:4      | Reached XP level 5. HP: 21/28 MP: 9/13
  4727 | D:4      | Noticed a sky beast
  4740 | D:4      | Killed a sky beast
  4741 | D:4      | Reached skill level 5 in Spellcasting
  4952 | D:4      | Killed a nameless horror
  5001 | D:4      | Reached skill level 7 in Summonings
  5001 | D:4      | Reached XP level 6. HP: 32/32 MP: 10/16
  5389 | D:5      | Entered Level 5 of the Dungeon
  5409 | D:5      | Found an iron altar of Okawaru.
  5413 | D:5      | Noticed Menkaure
  5418 | D:5      | Learned a level 2 spell: Call Imp
  5885 | D:5      | Shot with an arrow by a centaur

Illustrated notes

Levels and vault maps discovered:
D:1:      dpeg_arrival_stone_temple_mockup, layout_loops_ring
D:2:      cheibrodos_greedy_goblins, layout_basic,
          shapermc_ecumenical_altar_flowoftime
D:3:      layout_rooms, riverfiend_overflow_shadow_ancestor
D:4:      nicolae_BIG_FREAKIN_CUBE, layout_rooms, minmay_misc_feat_rugged
D:5:      layout_basic, mainiacjoe_overflow_catwalk,
          gammafunk_temple_overflow_pools, overflow_temple_1_default,
          serial_park_tiny_2, nrook_mini_backslash, minmay_manual_mares,
          uniq_menkaure

Skill      XL: |  1  2  3  4  5 |
---------------+----------------+-----
Summonings     | 5 6 7 |  7.4
Spellcasting   | 4 5 |  5.6
Dodging        | |  2.4
Stealth        | |  2.4

Action                   |  1- 3 |  4- 6 || total
-------------------------+-------+-------++-------
Melee: Unarmed           |     2 |       ||     2
       Punch             |     1 |     2 ||     3
       Short sword       |    60 |       ||    60
       Spear             |     9 |   119 ||   128
 Cast: Summon Small Mamm |    38 |    21 ||    59
       Call Canine Famil |     6 |    19 ||    25
       Call Imp          |       |     1 ||     1
 Stab: Sleeping          |     6 |     5 ||    11
Armor: Robe              |    13 |       ||    13
       Leather armour    |     5 |    16 ||    21
Dodge: Dodged            |    57 |    38 ||    95
